 Dungeon Crawl Stone Soup version 0.25-a0-290-g4a1327ee3a (console) character file.

Game seed: 17680621200258462483, levelgen mode: deterministic

11 Kagalorn the Caller (level 2, 0/20 HPs)
             Began as a Barachi Summoner on Dec 14, 2019.
             Slain by a leopard gecko (2 damage)
             ... on level 1 of the Dungeon.
             The game lasted 00:02:10 (799 turns).

Kagalorn the Caller (Barachi Summoner)               Turns: 799, Time: 00:02:10

Health: 0/20       AC:  2    Str:  9    XL:     2   Next: 29%
Magic:  5/5        EV: 12    Int: 15    God:
Gold:   0          SH:  0    Dex: 12    Spells: 4/5 levels left

rFire    . . .     SeeInvis .   f - +0 dagger
rCold    . . .     Gourm    .   (no shield)
rNeg     . . .     Faith    .   a - +0 robe
rPois    .         Spirit   .   (no helmet)
rElec    .         Reflect  .   (no cloak)
rCorr    .         Harm     .   (no gloves)
MR       .....                  (no boots)
Stlth    ++........             (no amulet)
HPRegen  0.06/turn              (no ring)
MPRegen  0.09/turn              (no ring)

@: slow
A: +LOS, swims, slowness 1, strong legs 1
a: Hop


You were on level 1 of the Dungeon.
You were not hungry.

You visited 1 branch of the dungeon, and saw 1 of its levels.

Inventory:

Hand Weapons
 f - a +0 dagger (weapon)
Missiles
 e - 3 stones (quivered)
Armour
 a - a +0 robe (worn)
Scrolls
 d - a scroll of remove curse {unknown}
Potions
 b - a potion of curing {unknown}
Comestibles
 c - 2 rations


   Skills:
 * Level 0.4 Fighting
 - Level 2.1 Dodging
 - Level 1.7 Stealth
 * Level 2.3 Spellcasting
 * Level 5.3 Summonings


You had 4 spell levels left.
You knew the following spells:

 Your Spells              Type           Power        Failure   Level  Hunger
a - Summon Small Mammal   Summ           ###.         2%          1    #......

Your spell library contained the following spells:

 Spells                   Type           Power        Failure   Level  Hunger
 Call Imp                 Summ           ###.....     3%          2    ###....
 Call Canine Familiar     Summ           ###.....     7%          3    ###....
 Summon Guardian Golem    Hex/Summ       #.......     22%         3    ###....
 Summon Ice Beast         Ice/Summ       #.......     56%         4    #####..
 Summon Lightning Spire   Summ/Air       #.......     56%         4    #####..


Dungeon Overview and Level Annotations

Branches:
Dungeon (1/15)

Altars:


Innate Abilities, Weirdness & Mutations

You can be seen from farther away. (+LOS)
You can swim through water.
You cover ground slowly.
You can hop short distances.


Message History

You see here a frilled lizard corpse.
You hit the dart slug.
The dart slug is moderately wounded.
The dart slug launches a dart at you. The slug dart misses you.
The slug dart hits your quokka.
You hit the dart slug.
The dart slug is heavily wounded.
Your quokka bites the dart slug.
The dart slug dies!
You see here a dart slug corpse.
A leopard gecko comes into view.
The helpless rat fails to defend itself.
You hit the rat.
You kill the rat!
The leopard gecko hisses angrily.
The leopard gecko bites you.
* * * LOW HITPOINT WARNING * * *
The leopard gecko barely misses you.
You closely miss the leopard gecko. The leopard gecko bites you.
You die...

#................#
#...........####.#
#...........# #....)......#
# ###'#.......#
#.####†#.((....####
#.....r#.......)..#
#.......############†#...#
#.......#....l@...†..# ###
#......g#.###.r.............
....###. #.##############
... #. #. .. #. #. . #. #.
#. .. ##


You could see a leopard gecko and a friendly quokka.

Vanquished Creatures
  A hobgoblin (D:1)
  A bat (D:1)
  2 kobolds (D:1)
  2 rats (D:1)
6 creatures vanquished.

Vanquished Creatures (collateral kills)
  A dart slug (D:1)
  3 hobgoblins (D:1)
  A frilled lizard (D:1)
  A kobold (D:1)
6 creatures vanquished.

Grand Total: 12 creatures vanquished

Notes
Turn   | Place    | Note
-------+----------+-------------------------------------------
     0 | D:1      | Kagalorn the Barachi Summoner began the quest for the Orb.
     0 | D:1      | Reached XP level 1. HP: 13/13 MP: 3/3
    40 | D:1      | Reached skill level 5 in Summonings
   480 | D:1      | Reached XP level 2. HP: 1/19 MP: 1/5
   799 | D:1      | Slain by a leopard gecko

Levels and vault maps discovered:
D:1:      minmay_arrival_open_corners, layout_basic

Skill      XL: |  1 |
---------------+----+-----
Summonings     | 5 |  5.3
Fighting       | |  0.4
Dodging        | |  2.1
Stealth        | |  1.7
Spellcasting   | |  2.3

Action                   || total
-------------------------++-------
Melee: Unarmed           ||    24
       Dagger            ||    29
 Cast: Summon Small Mamm ||     7
 Stab: Sleeping          ||     2
Armor: Robe              ||    13
Dodge: Dodged            ||    38

Table legend:
 A = Non-vault XP
 B = Vault XP
 C = Vault XP percentage of total XP
 D = Non-vault monster count
 E = Vault monster count
 F = Vault count percentage of total count
                 A         B        C        D         E       F
            +---------+---------+-------+---------+---------+-------
      Total |      17 |       0 |   0.0 |      12 |       0 |   0.0
            +---------+---------+-------+---------+---------+-------
        D:1 |      17 |       0 |   0.0 |      12 |       0 |   0.0
            +---------+---------+-------+---------+---------+-------
